 Seeded DCSS version 0.31-a0-986-g5e6e4ef867 (webtiles) character file.

Game seed: 3451369682634171190 (custom seed)

60 timneilson the Ruffian (level 4, -3/29 HPs)
             Began as an Octopode Shapeshifter on Nov 25, 2023.
             Slain by Terence
             ... wielding a +0 hand axe
              (8 damage)
             ... on level 3 of the Dungeon.
             The game lasted 00:03:19 (1077 turns).

timneilson the Ruffian (Octopode Shapeshifter)      Turns: 1077, Time: 00:03:19

Health: -3/29      AC:  1    Str: 15    XL:     4   Next: 4%
Magic:  4/4        EV: 13    Int: 12    God:
Gold:   66         SH:  0    Dex: 11    Spells: 3/3 levels left

rFire   . .          .
                       - Unarmed
rCold   . . .        (no shield)
rNeg    . . .        (helmet currently unavailable)
rPois   .            e - amulet of the acrobat
rElec   .            (no ring)
rCorr   .            (no ring)
SInv    .            (no ring)
Will    .....        (no ring)
Stlth   +++          (no ring)
HPRegen 0.24/turn    (no ring)
MPRegen 0.09/turn    (no ring)
                     (no ring)

%: acrobat
@: beast-form, studying Dodging
A: beast (slay +1), almost no armour, amphibious, 8 rings, camouflage 1,
gelatinous body 1, (nimble swimmer 1), tentacles
a: Begin Untransformation


You were on level 3 of the Dungeon.
You were a hulking beast.
You visited 1 branch of the dungeon, and saw 4 of its levels.

You collected 66 gold pieces.

Inventory:

Jewellery
 d - a ring of ice
 e - an amulet of the acrobat (around mantle)
Talismans
 b - a beast talisman
 c - a flux talisman
Scrolls
 h - a scroll of blinking {unknown}
 j - a scroll of fog {unknown}
 k - 2 scrolls of poison {unknown}
 m - a scroll of teleportation {unknown}
Potions
 a - a potion of lignification
 f - 2 potions of brilliance {unknown}
 g - a potion of haste {unknown}
 i - a potion of curing {unknown}
 l - a potion of heal wounds {unknown}
 n - a potion of attraction {unknown}


   Skills:
 * Level 1.9 Fighting
 * Level 2.9 Dodging
 + Level 1.2 Stealth
 * Level 3.4 Unarmed Combat
 * Level 3.3 Shapeshifting


You had 3 spell levels left.
You didn't know any spells.
Your spell library was empty.

Dungeon Overview and Level Annotations

Branches:
Dungeon (4/15)
 Temple: D:4-7

Altars:

Shops:
D:1 (=

Annotations:
D:3 Terence


Innate Abilities, Weirdness & Mutations

You are a hulking beast.
Your limbs bulge with bestial killing power. (Slay +1)
You cannot wear most types of armour.
You are amphibious.
You can wear up to eight rings at the same time.
Your skin changes colour to match your surroundings (Stealth+).
Your rubbery body absorbs attacks. (AC +1, EV +1)
((You are camouflaged when in or above water. (Stealth+)))
You have tentacles for arms and can constrict up to eight enemies at once.


Message History

You barely miss the adder. Your grab misses the adder.
Your squeeze misses the adder. The adder barely misses you.
You closely miss the adder. Your grab misses the adder.
The adder closely misses you.
You tentacle-slap the adder but do no damage.
Your grab misses the adder. The adder bites you. The adder barely misses you.
You closely miss the adder. Your grab misses the adder.
The adder barely misses you.
You barely miss the adder. Your grab misses the adder.
The adder barely misses you.
You bludgeon the adder! Your grab misses the adder. You squeeze the adder.
You kill the adder!
You have reached level 4!
Found a stone staircase leading up.
Terence shouts!
Found a stone staircase leading up.
Terence closely misses you.
You tentacle-slap Terence but do no damage.
You grab Terence. You squeeze Terence.
Terence is lightly wounded.
You constrict Terence, but do no damage.
Terence hits you with a +0 hand axe!
You tentacle-slap Terence but do no damage.
Terence is lightly wounded.
You constrict Terence, but do no damage.
You tentacle-slap Terence but do no damage.
Terence is lightly wounded.
You constrict Terence. Terence hits you with a +0 hand axe!
You tentacle-slap Terence but do no damage.
You squeeze Terence, but do no damage.
Terence is lightly wounded.
You constrict Terence, but do no damage.
Terence hits you with a +0 hand axe!
* * * LOW HITPOINT WARNING * * *
You completely miss Terence.
Terence is lightly wounded.
You constrict Terence.
Terence asks, "Do you want it fast or slow?"
Terence hits you with a +0 hand axe!
You die...

......#####.# ##
........##.# .<
..#.##.##.## #### .#
#.#.........
##...#.####.#.......##
##......#............#
##.......#.##.#.....#.#
#......@............#.#
#......h....######.....
#.........#.# #.##.##
##.......##.# #.##.#
.........##.###
.#.#....#.....# #
##.#.#.....#
...#.#.....#
.......#.....#
.......#.....#


You could see Terence.

Vanquished Creatures
  2 adders
  A shadow imp (D:3)
  A dart slug (D:1)
  2 ball pythons (D:1)
  3 endoplasms
  3 giant cockroaches
  5 goblins (D:1)
  3 hobgoblins
  2 jackals (D:3)
  A quokka (D:1)
  2 bats (D:1)
  2 kobolds (D:1)
  4 rats
31 creatures vanquished.

Notes
Turn   | Place    | Note
-------+----------+-------------------------------------------
     0 | D:1      | timneilson the Octopode Shapeshifter began the quest for
                  | the Orb.
     0 | D:1      | Reached XP level 1. HP: 13/13 MP: 1/1
    35 | D:1      | Found Juceetep's Jewellery Shop.
    57 | D:1      | Noticed an eye of devastation
    59 | D:1      | Found a faded altar of an unknown god.
    62 | D:1      | Noticed a golden eye
    62 | D:1      | Noticed a glass eye
    62 | D:1      | Noticed a golden eye
    76 | D:1      | Reached XP level 2. HP: 14/18 MP: 2/2
   119 | D:1      | Found Mylaamin's Weapon Shop.
   603 | D:1      | Reached XP level 3. HP: 23/23 MP: 3/3
   783 | D:2      | Reached skill level 1 in Stealth
   794 | D:2      | Identified a scroll of acquirement
   794 | D:2      | Acquired a manual of Dodging
   910 | D:2      | You fall into a shaft and drop 2 floors!
  1051 | D:3      | Noticed Terence
  1069 | D:3      | Reached XP level 4. HP: 24/29 MP: 4/4
  1077 | D:3      | Slain by Terence

Illustrated notes

Levels and vault maps discovered:
D:1:      spicycebolla_green_bress_n_ham, layout_basic,
          hellmonk_ecumenical_altar_watching_god, serial_shops,
          nicolae_shop_gaudy_bauble, shop
D:2:      layout_loops_ring
D:3:      layout_loops_cross, grunt_temple_overflow_open,
          hangedman_decor_opposing, corexii_hall_statues_l, uniq_terence
D:4:      layout_basic, uniq_eustachio, uniq_sigmund

Skill      XL: |  1  2  3 |
---------------+----------+-----
Stealth        | 1 |  1.2
Fighting       | |  1.9
Dodging        | |  2.9
Unarmed Combat | |  3.4
Shapeshifting  | |  3.3

Action                     |  1- 3 |  4- 6 || total
---------------------------+-------+-------++-------
  Melee: Unarmed           |    57 |     5 ||    62
         Constrict         |    15 |     1 ||    16
         Tentacles         |    14 |     2 ||    16
         Punch             |     3 |       ||     3
    Use: Scroll            |     1 |       ||     1
   Stab: Sleeping          |     3 |       ||     3
 Armour: Skin              |    10 |     4 ||    14
  Dodge: Dodged            |    36 |     1 ||    37

Table legend: (Time is in decaauts)
 A = Elapsed time spent in this place.
 B = Non-inter-level travel time spent in this place.
 C = Inter-level travel time spent in this place.
 D = Time resting spent in this place.
 E = Time spent auto-exploring this place.
 F = Levels seen in this place.
 G = Mean time per level.
                   A        B        C        D        E       F      G
               +--------+--------+--------+--------+--------+-----+--------+
         Total |   1072 |   1037 |     35 |     47 |    651 |   4 |  268.0 |
       Dungeon |   1072 |   1037 |     35 |     47 |    651 |   4 |  268.0 |
               +--------+--------+--------+--------+--------+-----+--------+

Top non-repeatable levels by time:
     D:1: 768 daAuts
     D:2: 138 daAuts
     D:3: 119 daAuts
     D:4: 45 daAuts
